 Dungeon Crawl Stone Soup version 0.15.2 (webtiles) character file.

64829 Khodoque the Warrior (level 14, -2/140 HPs)
             Began as a Minotaur Fighter on Dec 14, 2014.
             Was the Champion of Makhleb.
             Slain by a large abomination (27 damage)
             ... on Level 1 of the Abyss.
             The game lasted 02:03:05 (22688 turns).

Khodoque the Warrior (Minotaur Fighter)            Turns: 22688, Time: 02:03:05

HP  -2/140       AC 27     Str 28      XL: 14   Next: 73%
MP  21/21        EV  8     Int 11      God: Makhleb [******]
Gold 152         SH  0     Dex 18      Spells:  0 memorised, 13 levels left

rFire  + . .     SeeInvis +     v - +6 great mace (pain)
rCold  + . .     Clarity  .     S - +9 plate armour of Protective Custody {rF+ Stlth--}
rNeg   . . .     rCorr    .     (no shield)
rPois  +         rRot     .     (helmet unavailable)
rElec  .         Spirit   .     F - +0 cloak {MR+}
SustAb .         Warding  .     (no gloves)
rMut   .         Stasis   .     (no boots)
Gourm  .                        K - amulet "Hiufyah" {+Rage rPois rC+ Str+3 Dex+4 Int+3}
MR     +++..                    k - ring of Xom's Reproof {MR+ Str+3 Int+3}
                                u - ring of see invisible

@: extremely resistant to hostile enchantments, extremely unstealthy
A: retaliatory headbutt, horns 3
a: Minor Destruction, Lesser Servant of Makhleb, Major Destruction, Greater
Servant of Makhleb, Renounce Religion, Evoke Berserk Rage


You were on level 1 of the Abyss.
You worshipped Makhleb.
Makhleb was exalted by your worship.
You were hungry.

You visited 4 branches of the dungeon, and saw 22 of its levels.
You visited the Abyss 1 time.

You collected 2150 gold pieces.
You spent 1998 gold pieces at shops.

Inventory:

Hand weapons
 v - a +6 great mace of pain (weapon)
 W - the +3 hand axe of Omassixu {distort, rN+ Stlth--}
   (You found it on level 5 of the Lair of Beasts)

   It warps and distorts space around it.
   Unwielding it can cause banishment or high damage.
   It protects you from negative energy.
   It makes you much less stealthy.
Armour
 c - a +1 shield
 F - a +0 cloak of magic resistance (worn)
 S - the +9 plate armour of Protective Custody (worn) {rF+ Stlth--}
   (You found it on level 9 of the Dungeon)

   It protects you from fire.
   It makes you much less stealthy.
 U - a +1 hat
Magical devices
 a - a wand of enslavement (17)
 b - a wand of draining (1)
 f - a wand of cold (8)
 h - a wand of cold (9)
 w - a wand of invisibility (4)
 x - a wand of heal wounds (0)
 B - a wand of lightning (7) {unknown}
 H - a wand of paralysis (0)
 L - a wand of confusion (11)
 N - a wand of draining (6)
 R - a wand of fireball (4)
 Z - a wand of digging (8)
Comestibles
 i - 6 meat rations
 j - 18 fruits
 C - 3 slices of pizza
 G - 8 bread rations
 M - 2 royal jellies
 P - 4 beef jerkies
Scrolls
 d - 12 scrolls of remove curse
 g - 2 scrolls of enchant armour
 l - 6 scrolls of identify
 m - 2 scrolls of amnesia
 o - 6 scrolls of magic mapping
 p - 2 scrolls of recharging
 z - 4 scrolls of fear
 E - a scroll of holy word
 I - a scroll of blinking
 Q - 3 scrolls of immolation
Jewellery
 k - the ring of Xom's Reproof (right hand) {MR+ Str+3 Int+3}
   (You bought it in a shop on level 4 of the Orcish Mines)

   [ring of protection from magic]

   It affects your strength (+3).
   It affects your intelligence (+3).
   It affects your resistance to hostile enchantments.
 q - a cursed ring of teleportation
 u - a ring of see invisible (left hand)
 y - an uncursed amulet of warding
 K - the amulet "Hiufyah" (around neck) {+Rage rPois rC+ Str+3 Dex+4 Int+3}
   (You bought it in a shop on level 4 of the Orcish Mines)

   [amulet of rage]

   It affects your strength (+3).
   It affects your intelligence (+3).
   It affects your dexterity (+4).
   It protects you from cold.
   It protects you from poison.
   It lets you go berserk.
 T - an uncursed amulet of resist corrosion
 Y - an uncursed ring of flight
Potions
 e - a potion of porridge
 n - 3 potions of berserk rage
 r - 3 potions of curing
 A - 5 potions of might
 D - a potion of haste
 J - a potion of agility
 V - 2 potions of mutation {unknown}
Miscellaneous
 t - a lantern of shadows


   Skills:
 - Level 17.6 Fighting
 - Level 5.0(10.4) Axes
 * Level 13.8(14.1) Maces & Flails
 - Level 15.6 Armour
 * Level 9.3 Shields
 - Level 8.0 Invocations
 + Level 3.9 Evocations


You had 13 spell levels left.
You didn't know any spells.

Dungeon Overview and Level Annotations

Branches:
Dungeon (9/15)             Temple (1/1) D:5             Orc (4/4) D:9
    Elf (0/3) Orc:4          Lair (8/8) D:9           Swamp (0/5) Lair:6
 Spider (0/5) Lair:6        Slime (0/6) Lair:6

Altars:
Ashenzari
Cheibriados
Dithmenos
Elyvilon
Fedhas
Kikubaaqudgha
Makhleb
Nemelex Xobeh
Okawaru
Qazlal
Sif Muna
Trog
Vehumet
Xom
Yredelemnul
Zin
The Shining One
Beogh
Jiyva

Shops:
D:8 !   Orc:4 (%(=


Innate Abilities, Weirdness & Mutations

You reflexively headbutt those who attack you in melee.
You have a pair of large horns on your head.


Message History

A smal abomination komes into viev.
Drink vhich item? (? for menu, Esk to quit)
Okay, zen.
Remov vhich pies of jevelery? (? for menu, Esk to quit)
Okay, zen.
Evok vhich item? (* to schov al) (? for menu, Esk to quit)
Zaping:
x - a vand of heal vunds {zaped: 4} Pres: ? - help, Schift-Dir - straight lin, f - yu Yu fel much beter.
Ze larg abomination barely mises yu.
Yu furiusly retaliat!
Yu headbut ze larg abomination.
Ze smal abomination moves ut of viev.
Ze Hel Sentinel hits yu!
* * * LOV HITPOINT VARNING * * *
Ze Hel Sentinel hits yu but does no damag.
Ze ansient lich barely mises yu.
Yu furiusly retaliat!
Yu headbut ze ansient lich.
Evok vhich item? (* to schov al) (? for menu, Esk to quit)
Zaping:
x - a vand of heal vunds {zaped: 5} Pres: ? - help, Schift-Dir - straight lin, f - yu Nozing apears to hapen.
Ze larg abomination hits yu!
Yu die.

#.. .... ## .##
... # ..##
###..#. .#
...#.......
#.......#..##.##
.## .... #.#...
#.(..... #.#.#
##....#.#.L#
###...1@.#
#...#.#X##
###....x#
#.....#
#.#.#.#.#
##.##.##..
#..#.# ....
##.### . ## #..#


You could see a Hell Sentinel, an ancient lich, a large abomination and a small
abomination.

Vanquished Creatures
  Maud (Lair:7)
  Gastronok (Orc:2)
  5 hydras
  2 ogre magi
  3 death yaks
  A deep troll (Orc:3)
  Erolcha (Orc:2)
  An orc knight (Orc:3)
  A giant orange brain (Abyss:1)
  Pikel (D:8)
  A hill giant (Orc:3)
  An orc sorcerer (Orc:3)
  2 cyclopes (Orc:4)
  9 black mambas
  Joseph (D:7)
  12 elephants
  13 spiny frogs
  A fire drake (Lair:6)
  7 komodo dragons
  8 trolls
  6 polar bears
  Prince Ribbit (D:6)
  A boulder beetle (Lair:6)
  17 blink frogs
  7 two-headed ogres
  A wandering mushroom (Lair:8)
  9 basilisks
  9 spriggans
  4 redbacks (Lair:8)
  40 yaks
  A ynoxinul (Lair:2)
  3 wyverns
  11 hippogriffs
  Eustachio (D:6)
  A neqoxec (Lair:6)
  Grum (D:8)
  2 hungry ghosts (D:8)
  28 wolves
  2 hell hounds (Abyss:1)
  9 porcupines
  2 wargs
  15 water moccasins
  14 orc warriors
  2 ice beasts
  A necrophage (D:9)
  2 black bears (Lair:8)
  18 ogres
  2 sky beasts (D:7)
  3 phantoms
  The ghost of Khodoque the Poker, an average MiFi (D:4)
  A slave (D:8)
  2 yellow wasps (Lair:8)
  A centaur (D:6)
  14 crocodiles
  Sigmund (D:2)
  A gnoll sergeant (D:9)
  Blork the orc (D:5)
  20 giant frogs
  2 scorpions
  An eye of draining (D:9)
  An electric eel (Lair:8)
  A goliath beetle (D:9)
  6 crimson imps
  A quasit (D:9)
  Crazy Yiuf (D:7)
  17 orc priests
  13 hounds
  3 jellies (D:8)
  38 orc wizards
  12 iguanas
  2 orange rats (Lair:6)
  3 worker ants
  A sheep (D:8)
  A killer bee zombie (D:8)
  Ijyb (D:2)
  Jessica (D:2)
  A hound skeleton (D:4)
  9 gnolls
  40 green rats
  17 adders
  A giant mite (D:2)
  2 shadow imps (D:5)
  An ufetubus (D:6)
  2 worms (D:2)
  5 giant geckos
  126 orcs
  18 bats
  13 goblins
  10 hobgoblins
  2 oozes
  10 quokkas
  A ball python (D:5)
  3 giant cockroaches
  5 giant newts
  A hobgoblin skeleton (D:6)
  14 jackals
  A jackal zombie (D:5)
  12 kobolds
  2 orc zombies
  A quokka skeleton (D:5)
  A quokka zombie (D:6)
  14 rats
  A ballistomycete (D:7)
  A butterfly (Lair:3)
  3 fungi
  4 plants (Lair:8)
753 creatures vanquished.

Vanquished Creatures (collateral kills)
  A hill giant (shapeshifter) (Abyss:1)
  2 elephants (Lair:6)
  A sixfirhy (Abyss:1)
  A blink frog (Lair:2)
  2 two-headed ogres
  A wyvern (Lair:6)
  A yak (Lair:1)
  A wolf (Lair:1)
  A small abomination (Abyss:1)
  A water moccasin (Lair:7)
  3 ogres
  A goliath beetle (D:9)
  3 orc wizards
  2 ufetubi (Abyss:1)
  An orc zombie (Orc:3)
  11 orcs
  A goblin (Orc:3)
  A hobgoblin (Orc:4)
  2 bats (Orc:2)
  A kobold (D:9)
38 creatures vanquished.

Vanquished Creatures (others)
  2 Executioners (Abyss:1)
  A green death (Abyss:1)
  A deep troll (Orc:4)
  A hill giant (Orc:4)
  A cyclops (Orc:4)
  4 smoke demons
  A troll (Orc:3)
  A two-headed ogre (Orc:4)
  2 ynoxinuls
  2 neqoxecs (Lair:8)
  An orc priest (Orc:4)
  An iron imp (Lair:6)
  2 orc wizards
  A white imp (Lair:8)
  18 ufetubi
  3 orcs
  A giant spore (D:7)
  A lurking horror (Abyss:1)
  2 bushes
  8 fungi
  15 plants
69 creatures vanquished.

Grand Total: 860 creatures vanquished

Notes
Turn   | Place    | Note
--------------------------------------------------------------
     0 | D:1      | Khodoque, the Minotaur Fighter, began the quest for the Orb.
     0 | D:1      | Reached XP level 1. HP: 19/19 MP: 1/1
   170 | D:1      | Reached XP level 2. HP: 26/26 MP: 1/1
   554 | D:1      | Reached skill level 4 in Maces & Flails
   644 | D:2      | Reached XP level 3. HP: 17/31 MP: 2/2
   928 | D:2      | Noticed Jessica
   936 | D:2      | Killed Jessica
   936 | D:2      | Reached skill level 5 in Maces & Flails
  1069 | D:2      | Noticed Sigmund
  1092 | D:3      | Reached XP level 4. HP: 23/39 MP: 2/2
  1793 | D:4      | Reached skill level 6 in Maces & Flails
  1815 | D:4      | Noticed Khodoque's ghost (average MiFi)
  1829 | D:4      | Killed Khodoque's ghost
  1829 | D:4      | Reached skill level 7 in Maces & Flails
  1829 | D:4      | Reached XP level 5. HP: 25/45 MP: 2/2
  2139 | D:4      | Noticed a phantom
  2156 | D:4      | Killed a phantom
  2156 | D:4      | Reached skill level 8 in Maces & Flails
  2156 | D:4      | Reached XP level 6. HP: 45/51 MP: 3/3
  2610 | D:4      | Noticed an ogre
  2616 | D:4      | Killed an ogre
  2616 | D:4      | Reached skill level 9 in Maces & Flails
  2616 | D:4      | Reached XP level 7. HP: 57/57 MP: 3/3
  2716 | D:5      | Entered Level 5 of the Dungeon
  2830 | D:5      | Reached skill level 10 in Maces & Flails
  2992 | D:5      | Noticed Blork the orc
  3005 | D:5      | Killed Blork the orc
  3368 | D:5      | Found a staircase to the Ecumenical Temple.
  3378 | Temple   | Entered the Ecumenical Temple
  3387 | Temple   | Became a worshipper of Makhleb the Destroyer
  4044 | D:2      | Killed Sigmund
  4138 | D:2      | Noticed Ijyb
  4148 | D:2      | Killed Ijyb
  4148 | D:2      | Reached skill level 11 in Maces & Flails
  4571 | D:6      | Reached XP level 8. HP: 64/64 MP: 3/3
  4577 | D:6      | Acquired Makhleb's first power
  4713 | D:6      | Reached skill level 12 in Maces & Flails
  4771 | D:6      | Noticed Eustachio
  4793 | D:6      | Killed Eustachio
  4869 | D:6      | Noticed Prince Ribbit
  4879 | D:6      | Killed Prince Ribbit
  4879 | D:6      | Reached skill level 13 in Maces & Flails
  5579 | D:6      | Found a deep blue altar of Sif Muna.
  5584 | D:6      | Reached XP level 9. HP: 71/71 MP: 4/4
  5992 | D:7      | Acquired Makhleb's second power
  6048 | D:7      | Reached skill level 5 in Armour
  6291 | D:7      | Reached skill level 5 in Fighting
  6291 | D:7      | Reached skill level 1 in Invocations
  6381 | D:7      | Noticed Joseph
  6393 | D:7      | Killed Joseph
  6626 | D:7      | Found a roughly hewn altar of Beogh.
  6826 | D:7      | Noticed Crazy Yiuf
  6832 | D:7      | Killed Crazy Yiuf
  7347 | D:8      | Noticed Grum
  7351 | D:8      | Reached XP level 10. HP: 86/86 MP: 12/12
  7368 | D:8      | Killed Grum
  7368 | D:8      | Acquired Makhleb's third power
  7410 | D:8      | Found Ezxu's Distillery.
  7428 | D:8      | Bought a potion of agility for 25 gold pieces
  7428 | D:8      | Bought a potion of might for 25 gold pieces
  7428 | D:8      | Bought a potion of might for 25 gold pieces
  7428 | D:8      | Bought a potion of heal wounds for 30 gold pieces
  7428 | D:8      | Bought a potion of might for 25 gold pieces
  7428 | D:8      | Bought a potion of might for 25 gold pieces
  7428 | D:8      | Bought a potion of berserk rage for 30 gold pieces
  7659 | D:8      | Noticed Pikel
  7674 | D:8      | Killed Pikel
  7900 | D:9      | Found a shadowy altar of Dithmenos.
  7929 | D:9      | Noticed an elephant
  7965 | D:8      | Killed an elephant
  8225 | D:9      | Found a staircase to the Orcish Mines.
  8241 | D:9      | Found a staircase to the Lair.
  8286 | D:9      | Acquired Makhleb's fourth power
  8469 | D:9      | Reached skill level 10 in Fighting
  9307 | D:9      | Reached skill level 10 in Armour
  9334 | D:9      | Reached XP level 11. HP: 101/101 MP: 12/12
  9337 | D:9      | Got a transparent plate armour
  9338 | D:9      | Identified the +9 plate armour of Protective Custody {rF+ Stlth--} (You found it on level 9 of the Dungeon)
  9434 | Orc:1    | Entered Level 1 of the Orcish Mines
  9680 | Orc:1    | Acquired Makhleb's fifth power
 10060 | Orc:2    | Noticed Erolcha
 10078 | Orc:2    | Paralysed by Erolcha for 5 turns
 10086 | Orc:2    | Killed Erolcha
 10183 | Orc:2    | Noticed Gastronok
 10204 | Orc:2    | Killed Gastronok
 10204 | Orc:2    | Reached skill level 5 in Invocations
 10663 | Orc:3    | Noticed an ice devil
 11000 | Lair:1   | Entered Level 1 of the Lair of Beasts
 11255 | Lair:1   | Reached skill level 5 in Shields
 12039 | Lair:1   | Noticed a four-headed hydra
 12048 | Lair:1   | Killed a four-headed hydra
 12143 | Lair:2   | Reached XP level 12. HP: 113/113 MP: 18/18
 13613 | Lair:3   | Identified a scroll of acquirement
 13753 | Lair:3   | Gained mutation: You have a pair of large horns on your head. [potion of beneficial mutation]
 14321 | Lair:4   | Noticed a seven-headed hydra
 14353 | Lair:4   | Killed a seven-headed hydra
 14372 | Lair:4   | Reached skill level 14 in Fighting
 15231 | Lair:5   | Noticed a five-headed hydra
 15238 | Lair:5   | Killed a five-headed hydra
 15256 | Lair:5   | Reached XP level 13. HP: 103/125 MP: 21/21
 15449 | Lair:5   | Reached skill level 15 in Fighting
 15471 | Lair:5   | Got a warped hand axe
 15472 | Lair:5   | Identified the cursed +3 hand axe of Omassixu {distort, rN+ Stlth--} (You found it on level 5 of the Lair of Beasts)
 15953 | Lair:6   | Found a staircase to the Swamp.
 15984 | Lair:6   | Found a hole to the Spider Nest.
 16678 | Lair:6   | Found a viscous altar of Jiyva.
 16678 | Lair:6   | Found a staircase to the Slime Pits.
 17082 | Lair:7   | HP: 5/128 [six-headed hydra (2)]
 17456 | Lair:7   | Reached skill level 16 in Fighting
 17555 | Lair:7   | Found a white marble altar of Elyvilon.
 17757 | Lair:7   | Noticed Maud
 17765 | Lair:7   | Killed Maud
 18016 | Lair:8   | Entered Level 8 of the Lair of Beasts
 18088 | Lair:8   | Found a snail-covered altar of Cheibriados.
 18605 | Lair:8   | Reached XP level 14. HP: 138/138 MP: 21/21
 18798 | Lair:8   | Reached skill level 17 in Fighting
 19139 | Lair:8   | Reached skill level 15 in Armour
 20241 | Orc:3    | Reached skill level 1 in Evocations
 20421 | Orc:3    | Found an ancient bone altar of Kikubaaqudgha.
 20633 | Orc:4    | Entered Level 4 of the Orcish Mines
 20742 | Orc:4    | Reached skill level 1 in Axes
 21442 | Orc:4    | Found a staircase to the Elven Halls.
 21530 | Orc:4    | Reached skill level 5 in Axes
 21668 | Orc:4    | Found Acira's Antique Weapon Shop.
 21673 | Orc:4    | Found Isoloutu's Antique Weapon Shoppe.
 21678 | Orc:4    | Found Thraug's Jewellery Boutique.
 21682 | Orc:4    | Found Bricax's Food Shop.
 21808 | Orc:4    | Bought an uncursed ring of flight for 175 gold pieces
 21808 | Orc:4    | Bought the amulet "Hiufyah" {+Rage rPois rC+ Str+3 Dex+4 Int+3} for 792 gold pieces
 21808 | Orc:4    | Bought the ring of Xom's Reproof {MR+ Str+3 Int+3} for 446 gold pieces
 22144 | Orc:4    | Bought a cursed ring of teleportation for 145 gold pieces
 22214 | Orc:4    | Bought a shimmering flail for 255 gold pieces
 22215 | Orc:4    | Identified the cursed +1 flail "Guilior" {drain, MR+ Str-2} (You bought it in a shop on level 4 of the Orcish Mines)
 22439 | Lair:6   | Cast into the Abyss (a distortion unwield)
 22481 | Abyss:1  | Found an iron altar of Okawaru.
 22524 | Abyss:1  | Found an iron altar of Okawaru.
 22595 | Abyss:1  | Noticed a Hell Sentinel
 22678 | Abyss:1  | Noticed an ancient lich
 22688 | Abyss:1  | Slain by a large abomination

Action                   |  1- 3 |  4- 6 |  7- 9 | 10-12 | 13-15 || total
-------------------------+-------+-------+-------+-------+-------++-------
Melee: Flail             |   102 |    88 |   363 |   734 |       ||  1287
       Great mace        |       |       |       |   165 |   555 ||   720
       Hand axe          |       |       |       |       |   181 ||   181
Invok: Minor Destruction |       |       |    10 |    59 |    19 ||    88
       Lesser Servant of |       |       |       |    15 |    12 ||    27
       Major Destruction |       |       |       |     1 |     4 ||     5
       Greater Servant o |       |       |       |       |     4 ||     4
 Abil: Evoke Berserk Rag |       |     3 |    11 |     3 |     4 ||    21
Evoke: Wand              |       |       |       |     3 |    10 ||    13
  Use: Scroll            |     7 |       |     1 |    10 |    14 ||    32
       Potion            |       |     2 |     1 |    11 |    11 ||    25
 Stab: Distracted        |       |       |       |     2 |     1 ||     3
  Eat: Chunk             |     1 |     1 |    20 |    30 |    24 ||    76
       Bread ration      |       |     1 |     1 |     1 |       ||     3
       Fruit             |       |       |       |       |     8 ||     8
